 Dungeon Crawl Stone Soup version 0.31.0-32-g396128a36d (webtiles) character file.

Game seed: 947281703482148708

2027 Alphaeus the Grappler (level 9, -16/127 HPs)
             Began as a Troll Shapeshifter on Mar 20, 2024.
             Demolished by an ogre
             ... wielding a +0 giant spiked club
              (31 damage)
             ... on level 6 of the Dungeon.
             The game lasted 00:05:03 (3986 turns).

Alphaeus the Grappler (Troll Shapeshifter)          Turns: 3986, Time: 00:05:03

Health: -16/127    AC:  6    Str: 31    XL:     9   Next: 3%
Magic:  8/8        EV:  9    Int:  6    God:
Gold:   326        SH:  0    Dex:  9    Spells: 8/8 levels left

rFire   . .          .
                       - Unarmed
rCold   . . .        (no shield)
rNeg    . . .        q - +2 robe of Ashenzari's Reproof {Str+3}
rPois   .            (helmet currently unavailable)
rElec   .            (cloak currently unavailable)
rCorr   .            (gloves unavailable)
SInv    .            (boots unavailable)
Will    .....        (no amulet) Stlth
                     (no ring)
HPRegen 1.21/turn    (no ring)
MPRegen 0.11/turn

%: no passive effects
@: confused, berserking, beast-form, very quick
A: beast (slay +4), large, unfitting armour, claws 3, regeneration 1, shaggy fur
1, tough skin 1
a: Begin Untransformation


You were on level 6 of the Dungeon.
You were a hulking beast.
You visited 1 branch of the dungeon, and saw 6 of its levels.

You collected 326 gold pieces.

Inventory:

Armour
 a - a +0 animal skin
 q - the +2 robe of Ashenzari's Reproof (worn) {Str+3}
   (You found it on level 4 of the Dungeon)

   Str+3:     It affects your strength (+3).
Jewellery
 o - a ring of flight
 s - a ring of fire
 t - a ring of protection from cold
Talismans
 c - a beast talisman
 d - a flux talisman
Scrolls
 g - a scroll of immolation
 h - 6 scrolls of identify {unknown}
 j - 2 scrolls of blinking
 l - 2 scrolls of poison {unknown}
 m - a scroll of teleportation {unknown}
 p - a scroll of noise {unknown}
 r - a scroll of revelation {unknown}
 u - a scroll of fog {unknown}
Potions
 i - a potion of brilliance {unknown}
 k - 2 potions of magic {unknown}
 n - 2 potions of enlightenment {unknown}


   Skills:
 + Level 4.3 Fighting
 - Level 1.5 Dodging
 * Level 8.1 Unarmed Combat
 * Level 7.5 Shapeshifting


You had 8 spell levels left.
You didn't know any spells.
Your spell library contained the following spells:

 Spells                   Type           Power      Damage    Failure   Level
 Kiss of Death            Conj/Necr      0%         2d5       45%         1
 Confusing Touch          Hex            0%         N/A       83%         3
 Dispel Undead            Necr           0%         3d6       99%         4


Dungeon Overview and Level Annotations

Branches:
Dungeon (6/15)
 Temple: D:4-7

Altars:
Elyvilon
Fedhas
Qazlal

Annotations:
D:4 1 runed translucent door, Alphaeus's ghost, amateur FoFi


Innate Abilities, Weirdness & Mutations

You are a hulking beast.
Your limbs bulge with bestial killing power. (Slay +4)
You are too large for most types of armour.
You have claws for hands.
Your natural rate of healing is unusually fast.
You are covered in fur. (AC +1)
You have tough skin. (AC +1)


Message History

There is a stone staircase leading up, spattered with blood here.
You see here a throwing net.
You struggle against the net.
The gnoll hits you but does no damage. The gnoll barely misses you.
The orc wizard gestures at you while chanting.
You are confused.
You struggle against the net.
The ogre hits you with a +0 giant spiked club!!
The gnoll hits you but does no damage.
The orc wizard mumbles some strange words.
The orc wizard flickers and vanishes!
Deactivating autopickup; reactivate with Ctrl-A.
The gnoll hits you from afar with a +0 spear.
The kobold hits you with a +0 dagger.
There are no objects that can be picked up here. a throwing net You struggle against the net.
The gnoll hits you from afar with a +0 spear.
The kobold hits you with a +0 dagger.
The gnoll hits you from afar with a +0 spear.
The ogre hits you with a +0 giant spiked club!
* * * LOW HITPOINT WARNING * * *
Something hits you.
* * * LOW HITPOINT WARNING * * *
You rip the net and break free!
The howler monkey hits you.
* * * LOW HITPOINT WARNING * * *
The gnoll hits you from afar with a +0 spear.
* * * LOW HITPOINT WARNING * * *
The gnoll hits you from afar with a +0 spear.
* * * LOW HITPOINT WARNING * * *
The kobold barely misses you.
The gnoll sergeant completely misses you.
A gnoll bouda comes into view. It is wielding a +0 club.
Something hits you but does no damage.
You are too confused!
It was a potion of berserk rage.
A red film seems to cover your vision as you go berserk!
You feel yourself moving faster!
You feel mighty!
The ogre hits you with a +0 giant spiked club!!
You die...

###....##..##... ≈_.
........#)'#..# ≈#§.
.....#.g......##.≈.#
##.........#.....
#..).§........P.P
......####.......P.P
.....##....##..ggg...P_P
....# ##.....ggO{h...PPP
...# '...b...#hK...P.P
...## .'.....###......#.
....####............###
.....##..........#...#
...................#..#
..............#..>..###
...........>..#[..###
.>...............##
........##.#.#..##


You could see an ogre, a gnoll sergeant, a gnoll bouda, a howler monkey, 4
gnolls and a kobold.

Vanquished Creatures
  Prince Ribbit (D:5)
  Edmund (D:6)
  An orc warrior (D:5)
  2 ogres (D:4)
  2 ice beasts (D:5)
  A black bear (D:5)
  3 phantoms
  A kobold brigand (D:5)
  A gnoll sergeant (D:6)
  4 wights (D:6)
  A jelly (D:5)
  2 orc priests
  5 hounds
  An iguana (D:5)
  2 orc wizards (D:5)
  11 gnolls
  7 adders
  2 white imps
  4 ufetubi (D:5)
  2 ribbon worms (D:2)
  3 dart slugs (D:3)
  14 orcs
  9 bats
  2 endoplasms
  4 giant cockroaches
  6 hobgoblins
  3 jackals (D:3)
  11 kobolds
  A quokka (D:2)
  5 ball pythons
  5 frilled lizards
  6 goblins
  6 rats
129 creatures vanquished.

Notes
Turn   | Place    | Note
-------+----------+-------------------------------------------
     0 | D:1      | Alphaeus the Troll Shapeshifter began the quest for the
                  | Orb.
     0 | D:1      | Reached XP level 1. HP: 18/18 MP: 0/0
   197 | D:1      | Reached skill level 1 in Fighting
   221 | D:1      | Reached XP level 2. HP: 27/27 MP: 1/1
   437 | D:1      | You fall into a shaft and drop 1 floor!
   955 | D:2      | Reached XP level 3. HP: 33/33 MP: 2/2
  1018 | D:2      | Reached XP level 4. HP: 24/41 MP: 3/3
  1026 | D:2      | Reached skill level 4 in Unarmed Combat
  1538 | D:3      | Reached XP level 5. HP: 45/49 MP: 4/4
  2005 | D:4      | Noticed an ogre
  2012 | D:4      | Killed an ogre
  2013 | D:4      | Reached XP level 6. HP: 55/57 MP: 5/5
  2257 | D:4      | Reached skill level 5 in Unarmed Combat
  2463 | D:4      | Identified the +2 robe of Ashenzari's Reproof {Str+3}
  2815 | D:4      | Found a runed translucent door.
  2821 | D:4      | Noticed Alphaeus's ghost (amateur FoFi)
  2914 | D:5      | Entered Level 5 of the Dungeon
  2919 | D:5      | Reached skill level 5 in Shapeshifting
  3035 | D:5      | Noticed an ice beast
  3043 | D:5      | Killed an ice beast
  3044 | D:5      | Reached XP level 7. HP: 56/66 MP: 6/6
  3080 | D:5      | Reached skill level 6 in Unarmed Combat
  3181 | D:5      | Noticed Prince Ribbit
  3191 | D:5      | Found a white marble altar of Elyvilon.
  3195 | D:5      | Killed Prince Ribbit
  3196 | D:5      | Reached XP level 8. HP: 57/75 MP: 7/7
  3571 | D:6      | Noticed Edmund
  3590 | D:6      | Reached skill level 7 in Unarmed Combat
  3611 | D:6      | Killed Edmund
  3683 | D:6      | Found a blossoming altar of Fedhas.
  3687 | D:6      | Found a stormy altar of Qazlal.
  3850 | D:5      | Reached skill level 8 in Unarmed Combat
  3932 | D:5      | Reached XP level 9. HP: 44/85 MP: 8/8
  3986 | D:6      | Demolished by an ogre

Illustrated notes

Levels and vault maps discovered:
D:1:      co_arrival_random_square_maze, layout_basic, minmay_misc_feat_enclosed
D:2:      layout_loops_ring, minmay_fountain_box, palyth_stone_intersect
D:3:      layout_loops_ring
D:4:      layout_loops_ring, ebering_ghost_sewer_d
D:5:      layout_rooms, lemuel_round_altar, bh_walls_and_bars,
          uniq_prince_ribbit1
D:6:      lemuel_castle_with_subvaults [lemuel_castle_interior_carwin_2],
          layout_cave_pools, grunt_temple_overflow_forces_of_nature,
          minmay_temple_entry_butterflies, serial_gnoll_camp,
          gnoll_camp_mini_shop, gnoll_camp_medium_02, gnoll_camp_mini_hut,
          gnoll_camp_mini_loothouse, gnoll_camp_mini_hut, grunt_decor_fettered,
          nicolae_shop_self_help, uniq_crazy_yiuf_cottage, uniq_edmund,
          uniq_grinder

Skill      XL: |  1  2  3  4  5  6  7  8 |
---------------+-------------------------+-----
Fighting       | 1 2 3 4 |  4.3
Unarmed Combat | 4 5 6 8 |  8.1
Shapeshifting  | 4 5 6 7 |  7.5
Dodging        | |  1.5

Action                     |  1- 3 |  4- 6 |  7- 9 || total
---------------------------+-------+-------+-------++-------
  Melee: Unarmed           |    70 |   116 |   133 ||   319
         Punch             |     1 |       |     7 ||     8
    Use: Potion            |       |       |     4 ||     4
         Scroll            |       |       |     2 ||     2
   Stab: Sleeping          |     1 |       |       ||     1
 Armour: Animal skin       |    38 |    67 |       ||   105
         Robe              |       |    19 |   178 ||   197
         Skin              |       |       |    10 ||    10
  Dodge: Dodged            |    31 |    51 |   100 ||   182
